 Dungeon Crawl Stone Soup version 0.28-a0-1236-gb25a51b929 (webtiles) character file.

Game seed: 7535797154262009804

26 Armakuni the Grave Robber (level 3, -4/26 HPs)
             Began as a Human Necromancer on Dec 25, 2021.
             Killed from afar by Natasha (11 damage)
             ... with a puff of flame
             ... on level 2 of the Dungeon.
             The game lasted 00:02:12 (1265 turns).

Armakuni the Grave Robber (Human Necromancer)       Turns: 1265, Time: 00:02:12

Health: -4/26      AC:  3    Str: 10    XL:     3   Next: 22%
Magic:  5/6        EV: 11    Int: 15    God:
Gold:   60         SH:  0    Dex: 13    Spells: 5/6 levels left

rFire   . . .      SeeInvis .   a - +0 mace
rCold   . . .      Faith    .   (no shield)
rNeg    . . .      Spirit   .   d - +0 leather armour
rPois   .          Reflect  .   (no helmet)
rElec   .          Harm     .   (no cloak)
rCorr   .          Rampage  .   (no gloves)
Will    .....                   (no boots)
Stlth   ++........              (no amulet)
HPRegen 0.08/turn               (no ring)
MPRegen 0.10/turn               (no ring)

@: no status effects
A: no striking features
a: no special abilities


You were on level 2 of the Dungeon.
You visited 1 branch of the dungeon, and saw 2 of its levels.

You collected 60 gold pieces.

Inventory:

Hand Weapons
 a - a +0 mace (weapon)
Armour
 d - a +0 leather armour (worn)
Potions
 b - a potion of brilliance {unknown}
 e - a potion of attraction {unknown}


   Skills:
 + Level 1.2 Fighting
 + Level 1.3 Armour
 - Level 2.0 Dodging
 - Level 2.0 Stealth
 - Level 2.0 Spellcasting
 + Level 4.3 Necromancy


You had 5 spell levels left.
You knew the following spells:

 Your Spells              Type           Power      Damage    Failure   Level
a - Pain                  Necr           56%        1d6       4%          1

Your spell library contained the following spells:

 Spells                   Type           Power      Damage    Failure   Level
 Animate Skeleton         Necr           28%        N/A       4%          1
 Vampiric Draining        Necr           14%        2d7       14%         3
 Animate Dead             Necr           7%         N/A       43%         4
 Frozen Ramparts          Ice            2%         1d2       65%         3
 Agony                    Necr           14%        N/A       80%         5
 Ice Form                 Ice/Tmut       1%         N/A       96%         4
 Summon Ice Beast         Ice/Summ       1%         N/A       96%         4


Dungeon Overview and Level Annotations

Branches:
Dungeon (2/15)

Altars:

Annotations:
D:2 Natasha


Message History

Found a chain mail.
Aiming: Pain (safe; 3% risk of failure)
Press: ? - help, Q - select action Shift-Dir - straight line, f - bat
Aim: a bat (asleep, chance to affect: 85%)
The bat writhes in agony.
You kill the bat!
You see here a +0 chain mail.
You see here a +0 club.
There is a stone staircase leading down here.
You see here a +0 dagger.
Found a robe.
Done exploring.
Done exploring.
You start removing your armour.
You continue taking off your +0 robe. x4
You finish taking off your +0 robe.
You start putting on your armour.
You continue putting on your +0 leather armour. x5
You finish putting on your +0 leather armour.
Drop what? 5/52 slots (_ for help) (? for menu, Esc to quit)
You drop a +0 robe.
You aren't carrying any scrolls.
Okay, then.
Done exploring.
There is a stone staircase leading down here.
You climb downwards.
There is a stone staircase leading up here.
Found 3 javelins.
Natasha, Servant of Life and Death comes into view.
She is carrying a wand of flame (8).
Natasha hisses angrily.
Found a stone staircase leading down.
Natasha zaps a wand.
The puff of flame hits you!
Ouch! That really hurt!
Aiming: Pain (safe; 4% risk of failure)
Press: ? - help, Q - select action Shift-Dir - straight line, f - Natasha
Aim: Natasha, carrying a wand of flame (7) (chance to affect: 72%) Natasha writhes in agony.
Natasha zaps a wand.
The puff of flame hits you.
* * * LOW HITPOINT WARNING * * *
Natasha zaps a wand.
The puff of flame hits you!
You die...

.. #######.##
####........
#..........#
#>....h....#
+..........###
#.....(......#
#.........##.##
#.......@.....#
#..........#..#
#..........#..#
#.............#
#.........###.#
########### #.#
#####.# #<....#
#######


You could see Natasha.

Vanquished Creatures
  A dart slug (D:1)
  An endoplasm (D:1)
  4 hobgoblins (D:1)
  3 quokkas (D:1)
  A ball python (D:1)
  4 bats (D:1)
  5 goblins (D:1)
  A kobold (D:1)
  3 rats (D:1)
23 creatures vanquished.

Notes
Turn   | Place    | Note
-------+----------+-------------------------------------------
     0 | D:1      | Armakuni the Human Necromancer began the quest for the Orb.
     0 | D:1      | Reached XP level 1. HP: 13/13 MP: 3/3
    83 | D:1      | Reached XP level 2. HP: 9/20 MP: 0/5
   332 | D:1      | Reached skill level 1 in Armour
   476 | D:1      | Reached skill level 1 in Fighting
   779 | D:1      | Reached XP level 3. HP: 20/26 MP: 0/6
  1261 | D:2      | Noticed Natasha
  1265 | D:2      | Killed from afar by Natasha

Illustrated notes

Levels and vault maps discovered:
D:1:      giann_bridges, layout_rooms, chequers_garden
D:2:      layout_basic, serial_shops, shop, shop, shop, uniq_natasha,
          uniq_sigmund

Skill      XL: |  1  2 |
---------------+-------+-----
Armour         | 1 |  1.3
Fighting       | 1 |  1.2
Dodging        | |  2.0
Stealth        | |  2.0
Spellcasting   | |  2.0
Necromancy     | |  4.3

Action                   || total
-------------------------++-------
Melee: Mace              ||    30
 Cast: Pain              ||    34
 Stab: Sleeping          ||     1
Armor: Robe              ||     9
Dodge: Dodged            ||    28

Table legend: (Time is in decaauts)
 A = Elapsed time spent in this place.
 B = Non-inter-level travel time spent in this place.
 C = Inter-level travel time spent in this place.
 D = Time resting spent in this place.
 E = Time spent auto-exploring this place.
 F = Levels seen in this place.
 G = Mean time per level.
                   A        B        C        D        E       F      G
               +--------+--------+--------+--------+--------+-----+--------+
         Total |   1276 |   1258 |     18 |    395 |    627 |   2 |  638.0 |
       Dungeon |   1276 |   1258 |     18 |    395 |    627 |   2 |  638.0 |
               +--------+--------+--------+--------+--------+-----+--------+

Top non-repeatable levels by time:
     D:1: 1261 daAuts
     D:2: 14 daAuts
